AoeStats
← willrhyd

Arena

509667142Analyzed
3v3 RM · 5d ago on Sep 27, 2026· 50m 47s· 6 players
Game mode
Random Map
Map size
Normal (6 player)
Population
200
Speed
Normal
Resources
Standard
Victory
Conquest
Starting age
Dark Age
Ending age
Imperial Age
RankedLock teamsTeams togetherTeam positionsShared explorationLock speedFull tech treeHidden civsTurbo modeCheats
Victory
Defeat
🇹🇷 Magyars · Türkiye
1526
+12
🇷🇴 Danes · Romania
1459
+15
🇸🇪 Italians · Sweden
1380
+18
🇧🇷 Vikings · Brazil
1482
-17
🇬🇧 Bohemians · United Kingdom
1411
-14
🇷🇺 Varangians · Russia
1410
-14
SwedishGoblinTwitch
11:03 Feudal Age
14:52 Castle Age
13:48 Double-Bit Axe
13:43 Horse Collar
16:27 Bow Saw
20:08 Wheelbarrow
20:32 Stone Mining
20:37 Fletching
23:26 Gold Mining
27:03 Imperial Age
24:47 Scale Mail Armor
25:14 Squires
25:27 Forging
25:59 Chain Mail Armor
26:11 Stone Mining
27:18 Iron Casting
27:02 Masonry
28:32 Scale Barding Armor
29:18 Plate Mail Armor
30:30 Conscription
32:40 Blast Furnace
34:34 Arson
36:33 Scale Barding Armor
35:59 Light Cavalry
36:40 Husbandry
36:54 Bloodlines
37:50 Hand Cart
37:44 Heavy Plow
38:00 Hussar
40:14 Chain Barding Armor
41:03 Loom
43:49 Plate Barding Armor
46:04 Pikeman
47:03 Man-at-Arms
47:44 Long Swordsman
48:21 Two-Handed Swordsman
49:12 Champion
PolishedPoo
10:11 Feudal Age
13:58 Castle Age
12:15 Double-Bit Axe
12:14 Horse Collar
15:00 Bow Saw
20:17 Wheelbarrow
22:19 Hand Cart
27:18 Imperial Age
25:20 Scale Barding Armor
25:49 Gold Mining
26:00 Loom
27:13 Chain Barding Armor
27:45 Bloodlines
27:35 Husbandry
27:42 Cavalier
29:24 Town Watch
30:21 Plate Barding Armor
30:25 Gold Shaft Mining
39:49 Paladin
PDBull
10:11 Feudal Age
11:56 Double-Bit Axe
14:26 Castle Age
13:11 Horse Collar
15:21 Bow Saw
15:41 Scale Mail Armor
22:06 Chain Mail Armor
22:14 Fletching
23:01 Forging
23:55 Wheelbarrow
26:21 Iron Casting
29:26 Gambesons
29:41 Squires
30:16 Bodkin Arrow
34:48 Imperial Age
32:37 Padded Archer Armor
33:18 Masonry
33:31 Loom
34:02 Hand Cart
34:51 Leather Archer Armor
36:11 Plate Mail Armor
36:35 Guard Tower
37:11 Bracer
38:07 Ring Archer Armor
37:27 Town Watch
39:11 Blast Furnace
38:03 Elite Skirmisher
40:29 Chemistry
40:45 Ballistics
41:13 Thumb Ring
41:48 Conscription
43:51 Heavy Plow
43:43 Gold Mining
43:43 Stone Mining
43:54 Elite Varangian Guard
44:21 Arson
45:10 Hamask
50:22 Coinage
brunoteixeirster
10:16 Feudal Age
14:31 Castle Age
13:01 Double-Bit Axe
15:18 Horse Collar
25:18 Imperial Age
23:37 Bow Saw
25:01 Crossbowman
25:34 Fletching
25:44 Padded Archer Armor
25:37 Loom
25:40 Town Watch
27:38 Bodkin Arrow
27:58 Leather Archer Armor
28:32 Bracer
29:57 Ballistics
30:03 Arbalester
33:12 Chemistry
32:41 Bogsveigar
35:54 Chieftains
35:17 Capped Ram
37:57 Siege Ram
40:38 Heavy Plow
89sokol89
7:29 Loom
11:48 Feudal Age
15:52 Castle Age
13:45 Horse Collar
14:29 Double-Bit Axe
17:06 Bow Saw
20:20 Heavy Plow
22:13 Wheelbarrow
22:47 Bloodlines
22:37 Husbandry
24:24 Husbandry
25:17 Forging
28:48 Stone Mining
28:49 Gold Mining
31:12 Scale Barding Armor
31:43 Iron Casting
31:25 Scale Mail Armor
31:44 Pikeman
32:25 Squires
32:10 Gambesons
37:14 Imperial Age
35:00 Fletching
35:26 Chain Mail Armor
38:32 Conscription
39:30 Chain Barding Armor
40:10 Blast Furnace
39:55 Crop Rotation
39:01 Elite Jarl
41:10 Halberdier
42:58 Squires
44:30 Plate Mail Armor
43:56 Bodkin Arrow
45:26 Two-Man Saw
50:15 Bracer
willrhyd
11:14 Feudal Age
11:23 Feudal Age
15:21 Castle Age
13:22 Double-Bit Axe
14:09 Horse Collar
16:15 Bow Saw
19:10 Loom
25:10 Imperial Age
24:56 Chemistry
25:17 Fervor
26:47 Wheelbarrow
28:22 Conscription
30:14 Block Printing
30:20 Sanctity
30:34 Hand Cart
31:07 Theocracy
31:44 Hussite Reforms
31:35 Pikeman
33:01 Squires
36:21 Illumination
38:52 Illumination
39:47 Fletching
39:57 Padded Archer Armor
40:50 Bodkin Arrow
43:03 Ballistics
43:00 Bracer
43:18 Leather Archer Armor
46:35 Ring Archer Armor
Connection lost

Rejoining the realm…

Still unreachable

The connection could not be restored.

Session expired

The server has moved on; the page needs a fresh start.